 Dungeon Crawl Stone Soup version 0.25.1-2-g60ff931df9 (webtiles) character file.

Game seed: 15596067358608015315

62 hawla the Conjurer (level 3, -2/26 HPs)
             Began as a Draconian Conjurer on Nov 18, 2020.
             Slain by Sigmund
             ... wielding a +1 scythe of freezing
              (3 damage)
             ... on level 2 of the Dungeon.
             The game lasted 00:05:04 (1939 turns).

hawla the Conjurer (Draconian Conjurer)             Turns: 1939, Time: 00:05:05

Health: -2/26      AC:  5    Str:  9 (10) XL:     3   Next: 85%
Magic:  1/7        EV: 12    Int: 13 (16) God:
Gold:   72         SH:  0    Dex: 10 (11) Spells: 5/8 levels left

rFire    . . .     SeeInvis .   (no weapon)
rCold    . . .     Gourm    .   (no shield)
rNeg     . . .     Faith    .   (armour unavailable)
rPois    .         Spirit   .   (helmet restricted)
rElec    .         Reflect  .   (no cloak)
rCorr    .         Harm     .   (no gloves)
MR       .....                  (no boots)
Stlth    +.........             (no amulet)
HPRegen  0.08/turn              k - ring of wizardry
MPRegen  0.10/turn              (no ring)

@: confused, stab, flying
A: unfitting armour, cold-blooded, AC +5
a: no special abilities


You were on level 2 of the Dungeon.
You were not hungry.

You visited 1 branch of the dungeon, and saw 2 of its levels.

You collected 72 gold pieces.

Inventory:

Jewellery
 k - a ring of wizardry (left hand)
Scrolls
 c - 3 scrolls of amnesia {unknown}
 d - 4 scrolls of identify {unknown}
 h - 2 scrolls of teleportation {unknown}
 j - a scroll of fog {unknown}
Potions
 e - 2 potions of flight
 f - 3 potions of degeneration
 i - a potion of curing
Comestibles
 a - 5 chunks of flesh
 b - 8 rations


   Skills:
 - Level 1.7 Dodging
 - Level 1.7 Stealth
 + Level 3.3 Spellcasting
 * Level 4.6 Conjurations


You had 5 spell levels left.
You knew the following spells:

 Your Spells              Type           Power        Failure   Level  Hunger
a - Magic Dart            Conj           ##..         1%          1    #......
b - Searing Ray           Conj           ##....       1%          2    ##.....

Your spell library contained the following spells:

 Spells                   Type           Power        Failure   Level  Hunger
 Dazzling Flash           Conj/Hex       #.....       11%         3    ###....
 Fulminant Prism          Conj/Hex       #.........   32%         4    #####..
 Iskenderun's Mystic Bla  Conj/Tloc      #.......     32%         4    #####..


Dungeon Overview and Level Annotations

Branches:
Dungeon (2/15)

Altars:

Annotations:
D:2 Sigmund


Innate Abilities, Weirdness & Mutations

Your plain brown scales are hard. (AC +5)
You cannot fit into any form of body armour.
You are cold-blooded and may be slowed by cold attacks.


Message History

The magic dart hits you.
* * * LOW HITPOINT WARNING * * *
It was a potion of stabbing.
You feel ready to backstab. Sigmund barely misses you.
It was a potion of curing.
You feel better.
Casting: Searing Ray (safe; 1% risk of failure)
Confirm with . or Enter, or press ? or * to list all spells.
Aiming: Searing Ray (safe; 1% risk of failure)
Press: ? - help, Shift-Dir - straight line, f/p - Sigmund
Aim: Sigmund, wielding a +1 scythe of freezing and wearing a +0 robe (heavily wounded)
The searing ray hits Sigmund.
Sigmund is severely wounded. (Press . to maintain the ray.) Sigmund points at you and mumbles some strange words.
You are confused.
Sigmund hits you from afar with a +1 scythe of freezing!
* * * LOW HITPOINT WARNING * * *
Sigmund freezes you.
You die...

#.............#
#......#.#..#
#####.#######.#
####.....#.##
#.# #.###
#.......... #.#
#...#
..#...###.# #.#
###.#..(..#<#
#.# #.#
#.#...###.. #.#
####÷...# ...
#.######..÷@..##
...
.......@.#..#
..........#...#
......?....##.#
...........# .#
...........# #
.......$...#
...........# #
..........## # #


You could see Sigmund.

Vanquished Creatures
  An adder (D:2)
  2 worms (D:2)
  2 dart slugs (D:1)
  5 giant cockroaches
  4 goblins
  3 hobgoblins (D:1)
  8 jackals
  2 kobolds (D:2)
  4 bats
  4 frilled lizards
  7 rats
42 creatures vanquished.

Notes
Turn   | Place    | Note
-------+----------+-------------------------------------------
     0 | D:1      | hawla the Draconian Conjurer began the quest for the Orb.
     0 | D:1      | Reached XP level 1. HP: 14/14 MP: 3/3
   233 | D:1      | Reached XP level 2. HP: 17/20 MP: 0/5
   286 | D:1      | Learned a level 2 spell: Searing Ray
  1029 | D:1      | Reached XP level 3. HP: 26/26 MP: 4/7
  1848 | D:2      | Noticed Sigmund
  1939 | D:2      | HP: 1/26 [Sigmund/+1 scythe of freezing (8)]
  1939 | D:2      | Slain by Sigmund

Illustrated notes

Levels and vault maps discovered:
D:1:      tarquinn_simple_flora_water_b, layout_basic
D:2:      layout_rooms, st_stairs_1, kennysheep_nub, nemelex_spade_bored_becter,
          uniq_natasha, uniq_sigmund

Skill      XL: |  1  2 |
---------------+-------+-----
Spellcasting   | 3 |  3.3
Dodging        | |  1.7
Stealth        | |  1.7
Conjurations   | |  4.6

Action                   || total
-------------------------++-------
Melee: Unarmed           ||    51
       Tailslap          ||     7
 Cast: Magic Dart        ||    64
       Searing Ray       ||    12
  Use: Potion            ||     5
  Eat: Chunk             ||     4
Armor: Skin              ||    36
Dodge: Dodged            ||    48
